Map: Golden Wall LE

Players

Nice - Winner!

  • Race: Protoss Protoss
  • Spawn Location: 5:00

Has

  • Race: Protoss Protoss
  • Spawn Location: 7:00

Event: DreamHack SC2 Masters 2020 Fall

VOD

Have the link to the VOD?

Description

Time

  • Played on: Aug. 30, 2020, 9:08 a.m.
  • Length: 8:30

All games in this series

Show
View Real Time Build Order
Export as new Build Order

Nice Protoss - Winner!

Build Orders: Oracle Opening, Phoenix Opening 

Get SALT Encoding   

  12  0:00  Probe  
  13  0:12  Probe  
  14  0:20  Pylon  
  14  0:24  Probe  
  15  0:38  Probe  
  15  0:39  Gateway  
  16  0:48  Pylon  
  16  0:52  Probe  
  17  0:59  Pylon  
  18  1:04  Probe  
  18  1:08  Assimilator  
  18  1:12  Assimilator  
  18  1:16  Probe (Chrono Boost)  
  19  1:26  Cybernetics Core  
  19  1:28  Probe (Chrono Boost)  
  20  1:35  Probe (Chrono Boost)  
  21  1:40  Pylon  
  21  1:42  Probe (Chrono Boost)  
  23  1:54  Probe (Chrono Boost)  
  23  2:01  Probe (Chrono Boost)  
  23  2:05  Stargate  
  24  2:09  Probe  
  25  2:15  Warp Gate  
  25  2:21  Probe  
  26  2:25  Stalker  
  28  2:33  Probe  
  29  2:45  Probe  
  29  2:50  Oracle (Chrono Boost)  
  32  3:06  Nexus  
  32  3:09  Pylon  
  32  3:27  Probe  
  32  3:29  Gateway  
  35  3:34  Shield Battery  
  35  3:35  Phoenix (Chrono Boost)  
  35  3:39  Probe  
  35  3:54  Phoenix (Chrono Boost)  
  37  3:55  Probe  
  38  4:08  Probe  
  36  4:16  Phoenix (Chrono Boost)  
  36  4:23  Probe x2  
  37  4:34  Phoenix (Chrono Boost)  
  37  4:35  Probe  
  37  4:37  Stalker  
  37  4:38  Probe  
  40  4:47  Probe  
  40  4:50  Probe  
  41  4:53  Assimilator  
  41  4:54  Phoenix (Chrono Boost)  
  41  4:59  Probe  
  44  5:03  Stargate, Probe  
  45  5:09  Shield Battery  
  45  5:11  Probe  
  46  5:18  Phoenix (Chrono Boost), Probe  
  49  5:26  Probe  
  50  5:30  Probe  
  50  5:31  Forge  
  50  5:34  Assimilator  
  51  5:39  Probe  
  51  5:41  Phoenix (Chrono Boost)  
  54  5:50  Pylon  
  54  5:59  Pylon  
  54  6:02  Fleet Beacon  
  54  6:08  Photon Cannon  
  56  6:13  Phoenix  
  56  6:16  Probe  
  56  6:18  Probe  
  58  6:24  Phoenix  
  60  6:28  Probe  
  60  6:30  Probe  
  62  6:34  Photon Cannon  
  62  6:38  Pylon  
  62  6:44  Anion Pulse-Crystals (Chrono Boost)  
  62  6:52  Probe  
  66  6:54  Void Ray (Chrono Boost), Probe  
  66  7:04  Void Ray (Chrono Boost)  
  66  7:06  Pylon  
  72  7:12  Robotics Facility  
  72  7:17  Pylon  
  72  7:22  Pylon  
  72  7:24  Probe  
  72  7:28  Void Ray  
  69  7:37  Stalker  
  69  7:38  Stalker  
  69  7:42  Probe  
  71  7:46  Void Ray  
  70  7:58  Probe x2  
  76  7:59  Observer (Chrono Boost)  
  78  8:15  Sentry x2  
  78  8:17  Shield Battery  
Show
View Real Time Build Order
Export as new Build Order

Has Protoss 

Build Orders: Phoenix Opening, Zealot Archon 

Get SALT Encoding   

  12  0:00  Probe  
  13  0:12  Probe  
  14  0:20  Pylon  
  14  0:24  Probe (Chrono Boost)  
  15  0:40  Probe (Chrono Boost)  
  16  0:44  Probe (Chrono Boost)  
  17  0:54  Gateway  
  17  0:55  Probe (Chrono Boost)  
  18  0:57  Assimilator  
  18  1:04  Assimilator  
  18  1:07  Probe (Chrono Boost)  
  19  1:13  Gateway  
  19  1:14  Probe (Chrono Boost)  
  20  1:21  Probe  
  21  1:33  Probe  
  21  1:37  Pylon  
  22  1:44  Cybernetics Core  
  23  1:47  Probe  
  23  1:59  Probe  
  24  2:11  Probe  
  25  2:20  Warp Gate, Adept x2  
  29  2:24  Stargate  
  29  2:27  Pylon  
  29  2:30  Probe  
  30  2:46  Probe  
  32  3:07  Phoenix (Chrono Boost), Nexus  
  32  3:09  Probe  
  34  3:23  Probe  
  34  3:24  Phoenix (Chrono Boost)  
  38  3:42  Pylon  
  38  3:46  Phoenix (Chrono Boost)  
  38  3:47  Probe  
  25  4:10  Phoenix  
  25  4:16  Probe  
  28  4:25  Probe  
  28  4:28  Probe  
  30  4:37  Probe  
  31  4:40  Probe  
  30  4:47  Twilight Council  
  30  4:50  Probe  
  30  4:52  Probe  
  30  5:05  Phoenix (Chrono Boost)  
  32  5:09  Probe  
  32  5:13  Probe  
  34  5:21  Probe  
  34  5:28  Dark Shrine  
  36  5:37  Probe  
  36  5:41  Probe, Pylon  
  37  5:49  Probe  
  38  5:53  Probe  
  39  5:59  Gateway  
  39  6:02  Assimilator  
  39  6:04  Probe  
  40  6:12  Probe  
  40  6:16  Probe  
  42  6:24  Probe  
  43  6:28  Probe  
  44  6:36  Probe  
  44  6:39  Dark Templar x2  
  49  6:40  Probe  
  50  6:48  Pylon  
  50  6:52  Dark Templar  
  52  7:02  Pylon  
  52  7:06  Probe x2  
  54  7:11  Assimilator  
  54  7:16  Dark Templar x2  
  58  7:26  Gateway  
  58  7:28  Probe x2  
  49  7:40  Probe x2  
  45  7:48  Dark Templar  
  45  7:50  Archon  
  45  7:51  Archon  
  45  7:53  Dark Templar  
  45  7:54  Probe x2  
  46  8:07  Zealot  
  48  8:17  Archon  
  48  8:18  Probe x2  

Tags
 
Add a new tag
Caveats
  • Supply blocks, unpowered buildings, or Contaminate may cause inaccurate times.
  • Supply counts are checked every 10 seconds.